 Dungeon Crawl Stone Soup version 0.22.1-5-g62c59d919a (webtiles) character file.

92 Naow the Chopper (level 4, -7/35 HPs)
             Began as a Formicid Fighter on Jan 9, 2019.
             Mangled by a hobgoblin
             ... wielding a +0 club
             ... led by Robin
              (8 damage)
             ... on level 2 of the Dungeon.
             The game lasted 00:02:14 (1348 turns).

Naow the Chopper (Formicid Fighter)                 Turns: 1348, Time: 00:02:14

Health: -7/35      AC:  6    Str: 21    XL:     4   Next: 90%
Magic:  4/4        EV:  7    Int:  8    God:
Gold:   53         SH:  9    Dex: 10    Spells: 3/3 levels left

rFire    . . .     SeeInvis +   a - +0 war axe
rCold    . . .     Gourm    .   c - +0 shield
rNeg     . . .     Faith    .   b - +0 scale mail
rPois    .         Spirit   .   (helmet unavailable)
rElec    .         Reflect  .   (no cloak)
rCorr    .         Harm     .   (no gloves)
MR       .....                  (no boots)
Stlth    ..........             (no amulet)
HPRegen  0.11/turn              (no ring)
MPRegen  0.09/turn              (no ring)

@: no status effects
A: permanent stasis, dig shafts and tunnels, four strong arms, antennae 3
a: Dig, Shaft Self


You were on level 2 of the Dungeon.
You were hungry.

You visited 1 branch of the dungeon, and saw 2 of its levels.

You collected 53 gold pieces.

Inventory:

Hand Weapons
 a - a +0 war axe (weapon)
 l - a +0 vampiric falchion
Armour
 b - a +0 scale mail (worn)
 c - a +0 shield (worn)
Scrolls
 g - 2 scrolls of enchant weapon {unknown}
 i - a scroll of amnesia {unknown}
 k - 3 scrolls of identify {unknown}
 m - a scroll of remove curse {unknown}
 n - a scroll of teleportation {unknown}
Potions
 d - a potion of might
 e - a potion of heal wounds {unknown}
 h - 2 potions of curing {unknown}
 j - a potion of flight {unknown}
Comestibles
 f - a ration


   Skills:
 - Level 3.2 Fighting
 + Level 4.7 Axes
 - Level 3.2 Armour
 - Level 3.6 Shields


You had 3 spell levels left.
You didn't know any spells.
Your spell library was empty.

Dungeon Overview and Level Annotations

Branches:
Dungeon (2/15)

Altars:


Innate Abilities, Weirdness & Mutations

You cannot be hasted, slowed, berserked, paralysed or teleported.
You can dig through walls and to a lower floor.
Your four strong arms can wield two-handed weapons with a shield.
You have a pair of large antennae on your head. (SInv)


Message History

Unknown command.
Your shield prevents you from hitting the hobgoblin.
You barely miss the goblin.
The hobgoblin hits you but does no damage.
The goblin hits you but does no damage. The hobgoblin hits you with a club.
* * * LOW HITPOINT WARNING * * *
You slash the hobgoblin!
You kill the hobgoblin!
You hit the goblin.
You kill the goblin!
The hobgoblin throws a throwing net.
You block the throwing net.
You see here a goblin corpse.
The hobgoblin hits you with a club.
* * * LOW HITPOINT WARNING * * *
You see here a goblin corpse.
You barely miss the hobgoblin. You block the hobgoblin's attack.
You hit the hobgoblin.
The hobgoblin is moderately wounded.
The hobgoblin hits you with a club!
You die...

#....[..##..####.#
#.......###.# #.#
#.......# #.# #.#
#.......# #.####'######
#.......# #.....<.....#
#....^..# ##..........#
#.......# #..........#
#.......####.....######
####..)).@g).....#
###.######).....#
#####...# #......# #
#.....### #.....)##
#####.....# #####...#
#...'.....# #...>.#
#.###.....####
#?###.... #.#
###......# #. ....# ..#
##.)...# # #...#


You could see a hobgoblin.

Vanquished Creatures
  Robin (D:2)
  An adder (D:2)
  2 gnolls
  An ooze (D:1)
  A worm (D:2)
  2 leopard geckos
  2 ball pythons (D:1)
  A bat (D:1)
  A giant cockroach (D:2)
  12 goblins
  4 hobgoblins
  7 kobolds
  3 frilled lizards
  6 rats
44 creatures vanquished.

Notes
Turn   | Place    | Note
-------+----------+-------------------------------------------
     0 | D:1      | Naow the Formicid Fighter began the quest for the Orb.
     0 | D:1      | Reached XP level 1. HP: 18/18 MP: 1/1
    95 | D:1      | Reached XP level 2. HP: 18/24 MP: 2/2
   124 | D:1      | Reached skill level 3 in Axes
   146 | D:1      | Reached XP level 3. HP: 24/29 MP: 3/3
   843 | D:2      | Reached skill level 4 in Axes
   843 | D:2      | Reached XP level 4. HP: 30/35 MP: 4/4
   920 | D:2      | HP: 1/35 [gnoll (7)]
  1323 | D:2      | Noticed Robin
  1340 | D:2      | Killed Robin
  1346 | D:2      | HP: 1/35 [hobgoblin/club[Robin] (4)]
  1348 | D:2      | Mangled by a hobgoblin

Skill      XL: |  1  2  3 |
---------------+----------+-----
Axes           | 3 4 |  4.7
Fighting       | |  3.2
Armour         | |  3.2
Shields        | |  3.6

Action                   |  1- 3 |  4- 6 || total
-------------------------+-------+-------++-------
Melee: War axe           |    80 |    44 ||   124
  Eat: Chunk             |       |     1 ||     1
Armor: Scale mail        |    32 |    17 ||    49
Dodge: Dodged            |    22 |     7 ||    29
Block: Shield            |    43 |    21 ||    64
